 Dungeon Crawl Stone Soup version 0.28-a0-194-g42b4daccc1 (webtiles) character file.

Game seed: 14888891339025132092

119 powerkranz the Chopper (level 4, -3/63 HPs)
             Began as a Minotaur Berserker on Aug 18, 2021.
             Was a Believer of Trog.
             Slain by an orc (5 damage)
             ... on level 3 of the Dungeon.
             The game lasted 00:05:37 (1894 turns).

powerkranz the Chopper (Minotaur Berserker)         Turns: 1894, Time: 00:05:37

Health: -3/63      AC:  2    Str: 23    XL:     4   Next: 73%
Magic:  3/3        EV: 12    Int:  4    God:    Trog [**....]
Gold:   102        SH:  0    Dex:  9    Spells: 3/3 levels left

rFire   . . .      SeeInvis .   a - +0 hand axe
rCold   . . .      Faith    .   (no shield)
rNeg    . . .      Spirit   .   b - +0 animal skin
rPois   .          Reflect  .   (helmet restricted)
rElec   .          Harm     .   (no cloak)
rCorr   .          Rampage  .   (no gloves)
Will    ++...                   (no boots)
Stlth   ..........              (no amulet)
HPRegen 1.20/turn               (no ring)
MPRegen 0.08/turn               (no ring)

@: berserking (expiring), strong-willed (expiring), regenerating (expiring),
very quick
A: horns 2, retaliatory headbutt
a: Renounce Religion, Berserk, Trog's Hand


You were on level 3 of the Dungeon.
You worshipped Trog.
Trog was pleased with you.
You visited 1 branch of the dungeon, and saw 3 of its levels.

You collected 102 gold pieces.

Inventory:

Hand Weapons
 a - a +0 hand axe (weapon)
Armour
 b - a +0 animal skin (worn)
Scrolls
 d - a scroll of enchant armour {unknown}
 e - a scroll of fog {unknown}
 g - 3 scrolls of amnesia {unknown}
 h - a scroll of noise {unknown}
 i - a scroll of brand weapon {unknown}
 j - 2 scrolls of identify {unknown}
 l - a scroll of blinking {unknown}
 p - a scroll of acquirement {unknown}
Potions
 c - a potion of lignification {unknown}
 f - 2 potions of flight {unknown}
 k - a potion of brilliance {unknown}
 m - 2 potions of degeneration {unknown}
 n - a potion of haste {unknown}
 o - a potion of heal wounds {unknown}


   Skills:
 + Level 5.0 Fighting
 + Level 5.1 Axes
 + Level 2.6 Armour
 + Level 2.7 Dodging
 + Level 0.4 Stealth


You had 3 spell levels left.
You didn't know any spells.
Your spell library was empty.

Dungeon Overview and Level Annotations

Branches:
Dungeon (3/15)

Altars:
Okawaru

Annotations:
D:3 1 runed translucent door, HuGe's ghost, amateur HuBe


Innate Abilities, Weirdness & Mutations

You have a pair of horns on your head.
You reflexively headbutt those who attack you in melee.


Message History

You kill the orc priest!
Trog accepts your kill.
Your Axes skill increases to level 5!
You have reached level 4!
You feel stronger.
You closely miss something. You headbutt something! You miss something.
Something completely misses you.
You slash something! Trog accepts your kill.
Trog appreciates your killing of a magic user.
Reactivating autopickup.
You feel a bit more experienced.
Your Fighting skill increases to level 5!
A hobgoblin comes into view.
The hobgoblin shouts!
The orc priest invokes the aid of Beogh against you.
You resist with almost no effort. The orc barely misses you.
The orc misses you. You furiously retaliate!
You headbutt the orc!
The orc priest invokes the aid of Beogh against you.
Beogh smites you!
* * * LOW HITPOINT WARNING * * *
Items here: )) [[ †.
You closely miss the orc priest. Your headbutt misses the orc priest.
You closely miss the orc. You barely miss the orc.
You feel the effects of Trog's Hand fading.
The orc priest hits you with a +0 dagger.
* * * LOW HITPOINT WARNING * * *
The orc barely misses you. The orc hits you with a +0 whip.
* * * LOW HITPOINT WARNING * * *
You hit the orc priest.
The orc priest is moderately wounded.
You closely miss the orc. x2
The orc priest hits you with a +0 dagger.
* * * LOW HITPOINT WARNING * * *
You closely miss the orc. The orc hits you with a +0 whip.
* * * LOW HITPOINT WARNING * * *
Unknown command.
You closely miss the orc. Your headbutt misses the orc.
The orc hits you with a +0 whip.
You die...

##.#.#.#.#.# #.#.#.#.#.#
.#. #.#.#.#.#.# .#.
#.#.#.#.#.# ..
##...#.#.#.# #.#
#....#<..#.# ..#
#....###.#.## ..#
##8..8##.....#####o.#####
≈.8..8##...#....@ooo.....
≈≈≈..≈##.....#####o.#####
≈≈≈..≈≈≈#.#.## ..#
≈≈≈..≈≈≈≈≈≈.#### ..#
≈≈≈..≈≈≈≈≈≈≈≈≈≈###g≈≈
##≈..≈≈≈≈≈≈≈≈≈≈≈≈≈≈≈≈≈
#8..8†≈≈≈≈≈≈≈≈≈≈≈≈≈≈≈≈
#8..8###≈≈≈≈≈≈≈≈≈≈≈≈≈≈≈
#....# ###>#≈≈≈≈≈≈≈


You could see 2 orc priests and 3 orcs.

Vanquished Creatures
  An orc priest (D:3)
  An orc wizard (D:3)
  An adder (D:2)
  A white imp (D:3)
  2 dart slugs
  3 bats
  4 endoplasms
  6 giant cockroaches
  3 goblins
  2 hobgoblins (D:2)
  3 jackals (D:1)
  3 quokkas
  3 ball pythons
  3 frilled lizards
  3 kobolds
  2 rats
41 creatures vanquished.

Notes
Turn   | Place    | Note
-------+----------+-------------------------------------------
     0 | D:1      | powerkranz the Minotaur Berserker began the quest for the
                  | Orb.
     0 | D:1      | Reached XP level 1. HP: 19/19 MP: 0/0
   525 | D:1      | Reached XP level 2. HP: 27/27 MP: 1/1
   934 | D:1      | Found a faded altar of an unknown god.
  1093 | D:2      | Reached XP level 3. HP: 31/34 MP: 2/2
  1319 | D:2      | Found an iron altar of Okawaru.
  1327 | D:2      | Reached ** piety under Trog
  1720 | D:3      | Found a runed translucent door.
  1720 | D:3      | Noticed HuGe's ghost (amateur HuBe)
  1886 | D:3      | Reached skill level 5 in Axes
  1886 | D:3      | Reached XP level 4. HP: 17/41 MP: 3/3
  1889 | D:3      | Reached skill level 5 in Fighting
  1893 | D:3      | HP: 1/63 [orc (5)]
  1894 | D:3      | Slain by an orc

Illustrated notes

Levels and vault maps discovered:
D:1:      evilmike_arrival_plus, layout_basic,
          hellmonk_ecumenical_altar_run_dry, minmay_misc_feat_five
D:2:      layout_loops_cross, basic_altar, minmay_misc_feat_square
D:3:      wander_river, layout_loops_ring, hellmonk_ghost_happy_afterlife,
          serial_bayou_pond_e, small_statue_alley_b, minmay_bisected

Skill      XL: |  1  2  3  4 |
---------------+-------------+-----
Axes           | 4 5 |  5.1
Fighting       | 4 5 |  5.0
Armour         | |  2.6
Dodging        | |  2.7
Stealth        | |  0.4

Action                   |  1- 3 |  4- 6 || total
-------------------------+-------+-------++-------
Melee: Hand axe          |    76 |     7 ||    83
       Headbutt          |    17 |     1 ||    18
Invok: Berserk           |     1 |       ||     1
       Trog's Hand       |     1 |       ||     1
 Stab: Sleeping          |     1 |       ||     1
Armor: Animal skin       |    16 |       ||    16
Dodge: Dodged            |    53 |     4 ||    57

Table legend: (Time is in decaauts)
 A = Elapsed time spent in this place.
 B = Non-inter-level travel time spent in this place.
 C = Inter-level travel time spent in this place.
 D = Time resting spent in this place.
 E = Time spent auto-exploring this place.
 F = Levels seen in this place.
 G = Mean time per level.
                   A        B        C        D        E       F      G
               +--------+--------+--------+--------+--------+-----+--------+
         Total |   1903 |   1903 |      0 |    260 |   1242 |   3 |  634.3 |
       Dungeon |   1903 |   1903 |      0 |    260 |   1242 |   3 |  634.3 |
               +--------+--------+--------+--------+--------+-----+--------+

Top non-repeatable levels by time:
     D:1: 1050 daAuts
     D:2: 652 daAuts
     D:3: 200 daAuts
